 Dungeon Crawl Stone Soup version 0.30-a0-330-g8f2769a82d (webtiles) character file.

Game seed: 17861483042868752698

234 Harunobu the Trooper (level 5, -7/48 HPs)
             Began as a Minotaur Monk on Oct 29, 2022.
             Killed by divine providence
             ... invoked by an orc priest
              (10 damage)
             ... on level 4 of the Dungeon.
             The game lasted 00:03:53 (2089 turns).

Harunobu the Trooper (Minotaur Monk)                Turns: 2089, Time: 00:03:54

Health: -7/48      AC:  8    Str: 17    XL:     5   Next: 75%
Magic:  13/13      EV:  8    Int:  7    God:
Gold:   135        SH:  0    Dex: 13    Spells: 4/4 levels left

rFire   . . .      SeeInvis +    l - +7 rapier "Ylainopna" {vorpal, MP+9 SInv}
rCold   . . .      Faith    .    (no shield)
rNeg    . . .      Spirit   .    e - +0 chain mail
rPois   .          Reflect  .    (helmet restricted)
rElec   .          Harm     .    (no cloak)
rCorr   .          Rampage  .    (no gloves)
Will    .....                    (no boots)
Stlth   ..........               (no amulet)
HPRegen 0.28/turn                (no ring)
MPRegen 0.13/turn                (no ring)

@: confused, ambrosia-drunk
A: horns 2, retaliatory headbutt
a: no special abilities


You were on level 4 of the Dungeon.
You visited 1 branch of the dungeon, and saw 4 of its levels.

You collected 135 gold pieces.

Inventory:

Hand Weapons
 a - a +0 mace
 f - a +0 whip
 l - the +7 rapier "Ylainopna" (weapon) {vorpal, MP+9 SInv}
   (You found it on level 2 of the Dungeon)

   It inflicts extra damage upon your enemies.
   MP:        It affects your magic capacity (+9).
   SInv:      It lets you see invisible.
Armour
 b - a +0 robe
 e - a +0 chain mail (worn)
Jewellery
 m - an amulet of regeneration
Wands
 j - a wand of quicksilver (4)
 o - a wand of polymorph (9)
 q - a wand of flame (9)
Scrolls
 d - a scroll of vulnerability {unknown}
 g - a scroll of magic mapping {unknown}
 i - a scroll of immolation {unknown}
 k - 3 scrolls of identify {unknown}
 n - 2 scrolls of summoning {unknown}
 p - a scroll of poison {unknown}


   Skills:
 + Level 5.4 Fighting
 - Level 3.6 Maces & Flails
 + Level 4.9 Dodging
 + Level 3.3 Stealth


You had 4 spell levels left.
You didn't know any spells.
Your spell library contained the following spells:

 Spells                   Type           Power      Damage    Failure   Level
 Freeze                   Ice            0%         1d3       100%        1
 Frozen Ramparts          Ice            0%         1d1       100%        3
 Hailstorm                Conj/Ice       0%         3d3       100%        3


Dungeon Overview and Level Annotations

Branches:
Dungeon (4/15)
 Temple: D:4-7

Altars:
The Shining One


Innate Abilities, Weirdness & Mutations

You have a pair of horns on your head.
You reflexively headbutt those who attack you in melee.


Message History

The hound attacks as you move away! The hound closely misses you.
You furiously retaliate!
You headbutt the hound!
You kill the hound!
An orc priest and an orc come into view.
The orc shouts!
The adder bites you but does no damage.
The goblin unwields a +0 club.
The goblin wields a +0 sling.
The goblin shoots a sling bullet.
The sling bullet hits you but does no damage.
You closely miss the adder. You headbutt the adder!
The adder is almost dead.
The adder bites you but does no damage. The kobold hits you with a +0 dagger.
* * * LOW HITPOINT WARNING * * *
An orc priest comes into view. It is wielding a +0 trident.
The adder closely misses you. You furiously retaliate!
You headbutt the adder!
You kill the adder!
The ufetubus closely misses you. You furiously retaliate!
You headbutt the ufetubus. The ufetubus hits you.
* * * LOW HITPOINT WARNING * * *
The howler monkey closely misses you.
You barely miss the howler monkey.
The howler monkey is moderately wounded.
The ufetubus barely misses you. The ufetubus completely misses you.
The kobold hits you with a +0 dagger.
* * * LOW HITPOINT WARNING * * *
The howler monkey completely misses you.
The goblin unwields a +0 sling.
The goblin wields a +0 club.
The goblin hits you with a +0 club.
* * * LOW HITPOINT WARNING * * *
The ufetubus closely misses you. You furiously retaliate!
You headbutt the ufetubus!
You kill the ufetubus!
You are confused.
You feel invigorated. The howler monkey hits you.
* * * LOW HITPOINT WARNING * * *
The kobold hits you with a +0 dagger.
* * * LOW HITPOINT WARNING * * *
The orc priest casts a cantrip, but nothing happens.
The orc priest mumbles some strange prayers to Beogh against you.
Beogh smites you!
You die...

#....###
.#......#
....♣.♣.♣
........#
....♣.))♣#
.........###
....♣#♣.♣†.#
♣ ♣.....†h.#
...####.K@##
##g.# #...#
....o.
...o....
..$........
.....o....
...........


You could see a howler monkey, 2 orc priests, an orc, a goblin and a kobold.

Vanquished Creatures
  A hound (D:4)
  Ijyb (D:3)
  Terence (D:2)
  2 orc wizards (D:4)
  5 adders
  A gnoll (D:1)
  An ufetubus (D:4)
  An orc (D:4)
  2 ball pythons (D:2)
  3 bats
  4 endoplasms
  2 giant cockroaches (D:1)
  3 goblins (D:1)
  4 hobgoblins
  4 kobolds (D:1)
  6 quokkas
  3 frilled lizards
  2 rats
46 creatures vanquished.

Notes
Turn   | Place    | Note
-------+----------+-------------------------------------------
     0 | D:1      | Harunobu the Minotaur Monk began the quest for the Orb.
     0 | D:1      | Reached XP level 1. HP: 19/19 MP: 0/0
   141 | D:1      | Reached XP level 2. HP: 23/27 MP: 1/1
   143 | D:1      | Reached skill level 4 in Fighting
   321 | D:1      | Reached XP level 3. HP: 33/33 MP: 2/2
   887 | D:2      | Noticed Terence
   897 | D:2      | Killed Terence
  1071 | D:2      | Identified the +7 rapier "Ylainopna" {vorpal, MP+9 SInv}
  1075 | D:2      | Reached XP level 4. HP: 39/41 MP: 3/3
  1596 | D:3      | Noticed Ijyb
  1725 | D:3      | Killed Ijyb
  2032 | D:3      | Reached XP level 5. HP: 47/47 MP: 4/4
  2045 | D:3      | Found a glowing golden altar of the Shining One.
  2053 | D:3      | Noticed a phantom
  2071 | D:4      | Reached skill level 5 in Fighting
  2089 | D:4      | Killed from afar by an orc priest

Illustrated notes

Levels and vault maps discovered:
D:1:      nicolae_arrival_memento_mori, layout_basic
D:2:      layout_loops_ring, uniq_terence
D:3:      layout_rooms, mainiacjoe_overflow_alcove_1, uniq_ijyb
D:4:      layout_cave_pools, serial_forest, infiniplex_forest_lined_corner,
          infiniplex_forest_clump_double, infiniplex_forest_corner_2,
          infiniplex_forest_lined_room_2, infiniplex_forest_lined_2,
          infiniplex_forest_lined_2, infiniplex_forest_lined_room_,
          infiniplex_forest_clump_diagonal, infiniplex_forest_lined_1

Skill      XL: |  1  2  3  4  5 |
---------------+----------------+-----
Fighting       | 4 5 |  5.4
Stealth        | 2 3 |  3.3
Dodging        | 4 |  4.9
Maces & Flails | |  3.6

Action                   |  1- 3 |  4- 6 || total
-------------------------+-------+-------++-------
Melee: Mace              |    38 |       ||    38
       Headbutt          |    12 |     6 ||    18
       Whip              |    33 |       ||    33
       Punch             |     2 |     1 ||     3
       Rapier            |       |    36 ||    36
       Unarmed           |       |     6 ||     6
  Use: Potion            |       |     3 ||     3
 Stab: Sleeping          |     2 |       ||     2
       Confused          |       |     2 ||     2
Armor: Robe              |     9 |       ||     9
       Chain mail        |    15 |    47 ||    62
Dodge: Dodged            |    53 |    36 ||    89

Table legend: (Time is in decaauts)
 A = Elapsed time spent in this place.
 B = Non-inter-level travel time spent in this place.
 C = Inter-level travel time spent in this place.
 D = Time resting spent in this place.
 E = Time spent auto-exploring this place.
 F = Levels seen in this place.
 G = Mean time per level.
                   A        B        C        D        E       F      G
               +--------+--------+--------+--------+--------+-----+--------+
         Total |   2097 |   2020 |     77 |    328 |   1259 |   4 |  524.2 |
       Dungeon |   2097 |   2020 |     77 |    328 |   1259 |   4 |  524.2 |
               +--------+--------+--------+--------+--------+-----+--------+

Top non-repeatable levels by time:
     D:2: 909 daAuts
     D:1: 765 daAuts
     D:3: 396 daAuts
     D:4: 25 daAuts
